 Dungeon Crawl Stone Soup version 0.30-a0-743-gbfdf073431 (webtiles) character file.

Game seed: 3400285867298749304

88 BRD the Stinger (level 4, -1/32 HPs)
             Began as a Demonspawn Wanderer on Feb 6, 2023.
             Succumbed to an orc wizard's poison
             ... on level 2 of the Dungeon.
             The game lasted 00:07:18 (1823 turns).

BRD the Stinger (Demonspawn Wanderer)               Turns: 1823, Time: 00:07:18

Health: -1/32      AC:  0    Str:  9    XL:     4   Next: 29%
Magic:  1/8        EV: 11    Int: 23    God:
Gold:   136        SH:  0    Dex: 10    Spells: 6/8 levels left

rFire   . . .      SeeInvis .    a - staff of poison
rCold   . . .      Faith    .    (no shield)
rNeg    . . .      Spirit   .    (no body armour)
rPois   +          Reflect  .    (no helmet)
rElec   .          Harm     .    (no cloak)
rCorr   .          Rampage  .    (no gloves)
Will    .....                    (no boots)
Stlth   +                        (no amulet)
HPRegen 0.25/turn                (no ring)
MPRegen 0.11/turn                (no ring)

@: lethally poisoned (-1 -> -6), about to teleport
A: foul stench 1, clever 1
a: no special abilities


You were on level 2 of the Dungeon.
You visited 1 branch of the dungeon, and saw 2 of its levels.

You collected 136 gold pieces.

Inventory:

Hand Weapons
 f - a +0 rapier
Armour
 n - a +0 plate armour
Magical Staves
 a - a staff of poison (weapon)
Scrolls
 c - a scroll of immolation {unknown}
 e - 3 scrolls of identify
 h - 2 scrolls of amnesia {unknown}
 i - 3 scrolls of torment
 k - a scroll of vulnerability {unknown}
 l - 2 scrolls of teleportation
 q - a scroll of enchant weapon {unknown}
Potions
 b - a potion of brilliance
 d - a potion of lignification {unknown}
 j - a potion of mutation
 m - a potion of cancellation
 o - a potion of might {unknown}
 p - a potion of heal wounds {unknown}


   Skills:
 - Level 1.0 Fighting
 - Level 1.0 Armour
 + Level 2.7 Spellcasting
 + Level 2.0 Transmutations
 - Level 2.2 Earth Magic
 - Level 5.0 Poison Magic


You had 6 spell levels left.
You knew the following spells:

 Your Spells              Type           Power      Damage    Failure   Level
a - Sandblast             Erth           26%        2d8       4%          1
b - Sting                 Tmut/Pois      100%       1d8       2%          1

Your spell library contained the following spells:

 Spells                   Type           Power      Damage    Failure   Level
 Kiss of Death            Conj/Necr      12%        2d6       12%         1
 Ignite Poison            Fire/Tmut/Pois 21%        N/A       14%         3
 Mephitic Cloud           Conj/Pois/Air  16%        N/A       19%         3
 Stone Arrow              Conj/Erth      16%        3d8       22%         3
 Confusing Touch          Hex            3%         N/A       34%         3
 Dispel Undead            Necr           3%         3d7       75%         4


Dungeon Overview and Level Annotations

Branches:
Dungeon (2/15)

Altars:


Innate Abilities, Weirdness & Mutations

You may rarely emit foul miasma when damaged in melee.
Your mind is acute. (Int +4, Str/Dex -1)


Message History

You are no longer poisoned.
Something hits you.
* * * LOW HITPOINT WARNING * * *
It was a potion of cancellation.
Your magical effects are unravelling.
You feel magically purged.
You feel a little less clever now. Something hits you.
* * * LOW HITPOINT WARNING * * *
Sorry, you're not good enough to have a special ability.
Unknown command.
Okay, then.
It was a potion of curing.
You feel better. Something hits you.
* * * LOW HITPOINT WARNING * * *
Aiming: Sting (safe; 2% risk of failure)
Press: ? - help, Q - select action, (/) - cycle Shift-Dir - straight line You feel a surge of power!
The sting hits something.
You hear some strange, mumbled words.
You are confused.
You're too confused to cast spells.
You completely miss something. Something hits you.
* * * LOW HITPOINT WARNING * * *
You are lethally poisoned!
You feel better. Something hits you.
* * * LOW HITPOINT WARNING * * *
Okay, then.
Okay, then.
Okay, then.
As you read the scroll labelled NIERPH YD TUA, it crumbles to dust.
It is a scroll of identify.
i - 3 scrolls of torment Something hits you.
* * * LOW HITPOINT WARNING * * *
You are lethally poisoned!
As you read the scroll labelled OJETUIPUJA, it crumbles to dust.
You feel strangely unstable.
It was a scroll of teleportation.
* * * LOW HITPOINT WARNING * * *
You feel sick. Something hits you.
* * * LOW HITPOINT WARNING * * *
You die...

.....#.......PP.......†####)#
########..#.#.#.#.#.#.......#
#..#...#_#...#..#.####
#..#.#.#.#.#.#....#
#...P.P.........#.#
#..#.#.#.#.#.#....#
#..#...#.#...#....#
#.#############..##
#........@.{.....#
##################


There were no monsters in sight!

Vanquished Creatures
  2 adders (D:2)
  2 dart slugs
  2 orcs (D:2)
  3 ball pythons
  4 endoplasms
  4 giant cockroaches
  3 goblins (D:1)
  7 hobgoblins
  3 quokkas (D:1)
  2 bats
  4 frilled lizards
  6 kobolds
  5 rats
47 creatures vanquished.

Vanquished Creatures (collateral kills)
  An adder (D:2)
  A kobold (D:2)
2 creatures vanquished.

Vanquished Creatures (others)
  A fungus (D:2)
  6 plants (D:2)
7 creatures vanquished.

Grand Total: 56 creatures vanquished

Notes
Turn   | Place    | Note
-------+----------+-------------------------------------------
     0 | D:1      | BRD the Demonspawn Wanderer began the quest for the Orb.
     0 | D:1      | BRD set off with the following items: a +0 dagger, a scroll
                  | of summoning, a +0 ring mail; and the following spells
                  | available to memorise: Sting, Sandblast, Ignite Poison,
                  | Mephitic Cloud, Stone Arrow.
     0 | D:1      | Reached XP level 1. HP: 15/15 MP: 2/2
     2 | D:1      | Learned a level 1 spell: Sandblast
   119 | D:1      | Gained mutation: You may rarely emit foul miasma when
                  | damaged in melee. [demonic ancestry]
   119 | D:1      | Reached XP level 2. HP: 18/21 MP: 2/4
   283 | D:1      | Learned a level 1 spell: Sting
   746 | D:1      | Reached skill level 1 in Transmutations
   799 | D:1      | Reached XP level 3. HP: 22/26 MP: 6/6
  1532 | D:2      | Reached XP level 4. HP: 28/32 MP: 2/7
  1703 | D:2      | Found a faded altar of an unknown god.
  1814 | D:2      | Gained mutation: Your mind is acute. (Int +4, Str/Dex -1)
                  | [potion of mutation]
  1822 | D:2      | HP: 1/32 [something (2)]
  1823 | D:2      | Succumbed to an orc wizard's poison

Illustrated notes

Levels and vault maps discovered:
D:1:      dpeg_arrival_solitude, layout_basic, minivault_11, feat_on_display
D:2:      layout_rooms, shapermc_ecumenical_altar_mp_urbaneastern

Skill      XL: |  1  2  3  4 |
---------------+-------------+-----
Earth Magic    | 2 |  2.2
Spellcasting   | 2 |  2.7
Transmutations | 1 2 |  2.0
Fighting       | |  1.0
Armour         | |  1.0
Poison Magic   | |  5.0

Action                     |  1- 3 |  4- 6 || total
---------------------------+-------+-------++-------
  Melee: Dagger            |    42 |       ||    42
         Rapier            |    94 |       ||    94
         Punch             |     3 |       ||     3
         Staff             |       |     2 ||     2
   Cast: Sting             |     5 |    15 ||    20
    Use: Scroll            |     1 |     2 ||     3
         Potion            |       |     5 ||     5
 Armour: Ring mail         |    63 |       ||    63
  Dodge: Dodged            |    62 |     3 ||    65

Table legend: (Time is in decaauts)
 A = Elapsed time spent in this place.
 B = Non-inter-level travel time spent in this place.
 C = Inter-level travel time spent in this place.
 D = Time resting spent in this place.
 E = Time spent auto-exploring this place.
 F = Levels seen in this place.
 G = Mean time per level.
                   A        B        C        D        E       F      G
               +--------+--------+--------+--------+--------+-----+--------+
         Total |   1840 |   1789 |     51 |      2 |   1380 |   2 |  920.0 |
       Dungeon |   1840 |   1789 |     51 |      2 |   1380 |   2 |  920.0 |
               +--------+--------+--------+--------+--------+-----+--------+

Top non-repeatable levels by time:
     D:1: 1272 daAuts
     D:2: 568 daAuts
